 Dungeon Crawl Stone Soup version 0.31-a0-1-g4198be8af4 (webtiles) character file.

Game seed: 13331240409786338739

28 Ahpoh the Grasshopper (level 3, -7/19 HPs)
             Began as a Vine Stalker Warper on May 2, 2023.
             Mangled by a worm (9 damage)
             ... on level 2 of the Dungeon.
             The game lasted 00:02:43 (908 turns).

Ahpoh the Grasshopper (Vine Stalker Warper)          Turns: 908, Time: 00:02:43

Health: -7/19      AC:  3    Str: 13    XL:     3   Next: 12%
Magic:  0/7        EV: 11    Int: 13    God:
Gold:   70         SH:  0    Dex: 15    Spells: 6/6 levels left

rFire   . . .        a - +0 falchion
rCold   . . .        (no shield)
rNeg    . . .        b - +0 leather armour
rPois   .            (no helmet)
rElec   .            (no cloak)
rCorr   .            (no gloves)
SInv    .            (no boots)
Will    .....        (no amulet)
Stlth   +            (no ring)
HPRegen 0.23/turn    (no ring)
MPRegen 0.10/turn

%: guardian spirit
@: no status effects
A: fangs 2, magic shield, antimagic bite, no potion heal 2
a: no special abilities


You were on level 2 of the Dungeon.
You visited 1 branch of the dungeon, and saw 2 of its levels.

You collected 70 gold pieces.

Inventory:

Hand Weapons
 a - a +0 falchion (weapon)
Missiles
 d - 7 boomerangs of dispersal (quivered)
Armour
 b - a +0 leather armour (worn)
Scrolls
 c - a scroll of blinking
 e - 2 scrolls of fog {unknown}
 g - a scroll of vulnerability {unknown}
 l - a scroll of immolation {unknown}
 m - a scroll of poison {unknown}
 n - a scroll of torment {unknown}
Potions
 f - a potion of mutation {unknown}
 h - 3 potions of heal wounds {unknown}
 i - a potion of haste {unknown}
 j - a potion of cancellation {unknown}
 k - a potion of resistance {unknown}
 o - a potion of might {unknown}


   Skills:
 + Level 2.3 Fighting
 + Level 2.1 Long Blades
 + Level 0.8 Throwing
 + Level 1.1 Armour
 + Level 1.7 Dodging
 + Level 2.3 Spellcasting
 + Level 3.1 Translocations


You had 6 spell levels left.
You didn't know any spells.
Your spell library contained the following spells:

 Spells                   Type           Power      Damage    Failure   Level
 Blink                    Tloc           18%        N/A       13%         2
 Lesser Beckoning         Tloc           18%        N/A       13%         2
 Teleport Other           Tloc           9%         N/A       26%         3
 Vhi's Electric Charge    Tloc/Air       10%        N/A       43%         3
 Manifold Assault         Tloc           9%         N/A       63%         4
 Ozocubu's Armour         Ice            1%         N/A       67%         3
 Ozocubu's Refrigeration  Ice            0%         4d7       100%        7
 Borgnjor's Revivificati  Necr           0%         N/A       100%        8
 Necromutation            Tmut/Necr      0%         N/A       100%        8
 Death's Door             Necr           0%         N/A       100%        9


Dungeon Overview and Level Annotations

Branches:
Dungeon (2/15)

Altars:

Shops:
D:1 (


Innate Abilities, Weirdness & Mutations

You have extremely sharp teeth.
When hurt, damage is shared between your health and your magic reserves.
Your bite disrupts and absorbs the magic of your enemies.
Potions cannot restore your health.


Message History

You see here 9 gold pieces.
You now have 70 gold pieces (gained 9).
A rat comes into view.
You see here a +0 robe.
An adder comes into view.
The rat closely misses you.
You hit the rat.
You kill the rat!
A rat comes into view.
Found 13 gold pieces.
The hobgoblin shouts!
You hear an angry hiss.
The adder hisses angrily.
You hear a shout!
A ball python comes into view.
You barely miss the hobgoblin.
The hobgoblin hits you but does no damage.
The hobgoblin closely misses you.
You closely miss the hobgoblin. You bite the hobgoblin. You drain its power.
The hobgoblin is heavily wounded.
The worm bites you. The hobgoblin barely misses you.
You hit the hobgoblin.
The hobgoblin is severely wounded.
The hobgoblin barely misses you. The worm misses you.
You barely miss the hobgoblin.
You bite the hobgoblin, but do no damage.
The hobgoblin is severely wounded.
The hobgoblin hits you.
You closely miss the hobgoblin. You bite the hobgoblin.
You kill the hobgoblin!
A goblin comes into view. It is wielding a +0 club.
The worm bites you! The adder bites you.
You miss the adder. The adder bites you.
* * * LOW HITPOINT WARNING * * *
The worm bites you.
* * * LOW HITPOINT WARNING * * *
The adder bites you.
* * * LOW HITPOINT WARNING * * *
You hit the adder.
The adder is moderately wounded.
The adder bites you but does no damage. The worm bites you!
You die...

##### ####....#
##[@SS##
#.w##g.#
##.##.#..#
#..#...r#..
#....# . #.# #
##...#w.#$# . #
##....# ..##
###### #..#...#
. #...##
#######.##.>....
#.....


You could see a worm, an adder, a goblin and a ball python.

Vanquished Creatures
  A dart slug (D:1)
  2 ball pythons (D:1)
  A bat (D:1)
  2 endoplasms (D:1)
  A goblin (D:1)
  2 hobgoblins (D:2)
  3 jackals (D:1)
  6 kobolds
  A quokka (D:1)
  A frilled lizard (D:1)
  2 rats (D:2)
22 creatures vanquished.

Notes
Turn   | Place    | Note
-------+----------+-------------------------------------------
     0 | D:1      | Ahpoh the Vine Stalker Warper began the quest for the Orb.
     0 | D:1      | Reached XP level 1. HP: 11/11 MP: 4/4
   204 | D:1      | Found Xack's Weapon Emporium.
   226 | D:1      | Reached XP level 2. HP: 15/15 MP: 4/6
   753 | D:2      | Reached XP level 3. HP: 18/19 MP: 7/7
   849 | D:2      | Reached skill level 1 in Armour
   908 | D:2      | Mangled by a worm

Illustrated notes

Levels and vault maps discovered:
D:1:      tarquinn_simple_flora_water_b, layout_loops_ring, serial_shops, shop,
          minmay_misc_feat_room
D:2:      layout_rooms, minmay_pentomino_w4

Skill      XL: |  1  2  3 |
---------------+----------+-----
Fighting       | 2 |  2.3
Long Blades    | 2 |  2.1
Armour         | 1 |  1.1
Throwing       | |  0.8
Dodging        | |  1.7
Spellcasting   | |  2.3
Translocations | |  3.1

Action                     || total
---------------------------++-------
  Melee: Falchion          ||    64
         Bite              ||    15
 Armour: Leather armour    ||    25
  Dodge: Dodged            ||    38

Table legend: (Time is in decaauts)
 A = Elapsed time spent in this place.
 B = Non-inter-level travel time spent in this place.
 C = Inter-level travel time spent in this place.
 D = Time resting spent in this place.
 E = Time spent auto-exploring this place.
 F = Levels seen in this place.
 G = Mean time per level.
                   A        B        C        D        E       F      G
               +--------+--------+--------+--------+--------+-----+--------+
         Total |    921 |    905 |     16 |      0 |    695 |   2 |  460.5 |
       Dungeon |    921 |    905 |     16 |      0 |    695 |   2 |  460.5 |
               +--------+--------+--------+--------+--------+-----+--------+

Top non-repeatable levels by time:
     D:1: 754 daAuts
     D:2: 167 daAuts
